 Dungeon Crawl Stone Soup version 0.25.1-2-g60ff931df9 (webtiles) character file.

Game seed: 11227661982377976937

118 KyoPewz the Ruffian (level 4, -3/36 HPs)
             Began as a Draconian Transmuter on Sept 24, 2020.
             Slain by a gnoll
             ... wielding a +0 club
              (6 damage)
             ... on level 2 of the Dungeon.
             The game lasted 00:08:58 (3230 turns).

KyoPewz the Ruffian (Draconian Transmuter)          Turns: 3230, Time: 00:08:58

Health: -3/36      AC:  5    Str: 19    XL:     4   Next: 72%
Magic:  7/7        EV: 12    Int: 14    God:
Gold:   119        SH:  0    Dex: 11    Spells: 2/8 levels left

rFire    . . .     SeeInvis .     - Unarmed
rCold    . . .     Gourm    .   (no shield)
rNeg     . . .     Faith    .   (armour unavailable)
rPois    .         Spirit   .   (helmet restricted)
rElec    .         Reflect  .   (no cloak)
rCorr    .         Harm     .   (no gloves)
MR       .....                  (no boots)
Stlth    +.........             (no amulet)
HPRegen  0.12/turn              f - +6 ring of strength
MPRegen  0.10/turn              (no ring)

@: no status effects
A: unfitting armour, cold-blooded, AC +5
a: no special abilities


You were on level 2 of the Dungeon.
You were not hungry.

You visited 1 branch of the dungeon, and saw 2 of its levels.

You collected 119 gold pieces.

Inventory:

Hand Weapons
 b - a +0 spear
   (You found it on level 1 of the Dungeon)
 l - a +0 hunting sling
   (You took it off a goblin on level 2 of the Dungeon)
 m - a +0 flail of protection
   (You took it off an orc on level 2 of the Dungeon)
Missiles
 a - 45 arrows
 g - 107 stones (quivered)
Jewellery
 f - a +6 ring of strength (left hand)
   (You found it on level 1 of the Dungeon)
Scrolls
 c - 2 scrolls of remove curse {unknown}
 d - 2 scrolls of amnesia {unknown}
 h - 4 scrolls of teleportation {unknown}
 i - a scroll of immolation {unknown}
Potions
 j - a potion of mutation {unknown}
Comestibles
 e - 3 rations {!d}


   Skills:
 + Level 2.2 Fighting
 - Level 2.0 Dodging
 * Level 4.2 Unarmed Combat
 + Level 2.6 Spellcasting
 + Level 2.7 Transmutations
 + Level 0.2 Poison Magic


You had 2 spell levels left.
You knew the following spells:

 Your Spells              Type           Power        Failure   Level  Hunger
a - Beastly Appendage     Tmut           #.....       8%          1    #......
s - Sticks to Snakes      Tmut           #.......     11%         2    ###....
x - Spider Form           Tmut/Pois      #.........   36%         3    ###....

Your spell library contained the following spells:

 Spells                   Type           Power        Failure   Level  Hunger
 Ice Form                 Ice/Tmut       #.......     77%         4    #####..
 Blade Hands              Tmut           #.........   90%         5    ######.


Dungeon Overview and Level Annotations

Branches:
Dungeon (2/15)

Altars:
Cheibriados


Innate Abilities, Weirdness & Mutations

Your plain brown scales are hard. (AC +5)
You cannot fit into any form of body armour.
You are cold-blooded and may be slowed by cold attacks.


Message History

Eating one of 3 chunks of flesh.
You eat one of the 3 chunks of flesh.
All of the chunks of flesh in your inventory have rotted away.
Done waiting.
Okay, then.
Unknown command.
You see here a +0 dagger.
Things that are here:
a +0 hand axe; a +0 dagger Unknown command.
The gnoll shouts!
The gnoll is too close now for your liking.
You grow a pair of large bovine horns.
The gnoll shouts!
The gnoll closely misses you.
The gnoll shouts!
The gnoll barely misses you.
You closely miss the gnoll. Your headbutt misses the gnoll.
The gnoll closely misses you.
You hit the gnoll but do no damage. You tail-slap the gnoll.
The gnoll hits you with a +0 spear.
Your transformation is almost over.
The gnoll barely misses you. The gnoll barely misses you.
You closely miss the gnoll. You headbutt the gnoll!
The gnoll hits you from afar with a +0 spear.
You closely miss the gnoll. Your headbutt misses the gnoll.
The gnoll misses you. The gnoll hits you but does no damage.
You closely miss the gnoll.
Your tail-slap misses the gnoll.
The gnoll closely misses you.
You hit the gnoll.
Your tail-slap misses the gnoll.
The gnoll closely misses you. The gnoll barely misses you.
You closely miss the gnoll.
Your tail-slap misses the gnoll.
You hit the gnoll.
You headbutt the gnoll, but do no damage.
The gnoll hits you from afar with a +0 spear.
The gnoll hits you with a +0 club.
You barely miss the gnoll. Your headbutt misses the gnoll.
Your horns disappear.
The gnoll hits you from afar with a +0 spear!
* * * LOW HITPOINT WARNING * * *
The gnoll barely misses you. The gnoll hits you but does no damage.
You punch the gnoll!
You kill the gnoll!
The gnoll hits you from afar with a +0 spear.
* * * LOW HITPOINT WARNING * * *
The gnoll misses you. The gnoll hits you with a +0 spear.
* * * LOW HITPOINT WARNING * * *
The gnoll hits you with a +0 club.
You die...

.....#.###.........#
...#.#.##..8...8...#
...#.#.#...........#
##÷#...#⌠..........#
##.##.#...........#
#..#.##..8...8..##
##..#.###........#
##.#.#..#########g#
...............g@.#
####.#.#######.(###
#.#.# #..# #.#.#
#####..# #.#.#
#......## #.#.#
#.#.#...# ..#.#
#..#....##### ###.#
#.#.#.......# #.#
#.#.#######.#


You could see 2 gnolls.

Vanquished Creatures
  An orc priest (D:2)
  A gnoll (D:2)
  An adder (D:2)
  An ooze (D:2)
  2 dart slugs (D:1)
  A leopard gecko (D:1)
  7 orcs
  3 giant cockroaches (D:1)
  10 goblins
  7 hobgoblins
  2 quokkas (D:2)
  6 bats
  A frilled lizard (D:1)
  3 kobolds
  4 rats
50 creatures vanquished.

Notes
Turn   | Place    | Note
-------+----------+-------------------------------------------
     0 | D:1      | KyoPewz the Draconian Transmuter began the quest for the
                  | Orb.
     0 | D:1      | Reached XP level 1. HP: 16/16 MP: 3/3
   300 | D:1      | Reached XP level 2. HP: 11/23 MP: 3/5
   770 | D:1      | Learned a level 2 spell: Sticks to Snakes
   992 | D:1      | Reached XP level 3. HP: 25/28 MP: 4/6
  2171 | D:2      | Learned a level 3 spell: Spider Form
  2332 | D:2      | Reached skill level 4 in Unarmed Combat
  2332 | D:2      | Reached XP level 4. HP: 12/36 MP: 3/7
  2817 | D:2      | Found a snail-covered altar of Cheibriados.
  3230 | D:2      | Slain by a gnoll

Illustrated notes

Levels and vault maps discovered:
D:1:      saegor_arrival_under_anarchy, layout_basic
D:2:      cheibrodos_pilgrimage, layout_loops_ring, lemuel_doored_altar,
          guppyfry_early_orc_mine

Skill      XL: |  1  2  3 |
---------------+----------+-----
Dodging        | 2 |  2.0
Fighting       | 2 |  2.2
Unarmed Combat | 4 |  4.2
Spellcasting   | |  2.6
Transmutations | |  2.7
Poison Magic   | |  0.2

Action                   |  1- 3 |  4- 6 || total
-------------------------+-------+-------++-------
Melee: Unarmed           |   130 |    36 ||   166
       Tailslap          |    12 |     4 ||    16
       Headbutt          |     8 |     3 ||    11
       Kick              |     5 |     1 ||     6
       Punch             |     1 |     1 ||     2
 Cast: Beastly Appendage |    19 |     6 ||    25
       Spider Form       |     1 |       ||     1
  Eat: Chunk             |     5 |     3 ||     8
Armor: Skin              |    46 |    11 ||    57
Dodge: Dodged            |    83 |    31 ||   114
